 Dungeon Crawl Stone Soup version 0.30.0-29-ga12c61a403 (webtiles) character file.

Game seed: 10520865142118124820

23580 Gabide the Brawler (level 12, -5/115 HPs)
             Began as a Purple Draconian Fighter on June 15, 2023.
             Engulfed by a cloud of flame (21 damage)
             ... in a volcano on June 16, 2023.
             The game lasted 00:32:43 (10165 turns).

Gabide the Brawler (Purple Draconian Fighter)      Turns: 10165, Time: 00:32:44

Health: -5/115     AC: 15    Str: 24    XL:     12   Next: 73%
Magic:  12/12      EV: 17    Int:  8    God:
Gold:   1419       SH:  0    Dex: 11    Spells: 11/11 levels left

rFire   . .          .
                       - Unarmed
rCold   . . .        l - orb "Veyss" {mayhem, -Cast rPois Regen+ rCorr}
rNeg    . . .        (body armour unavailable)
rPois   +            (helmet restricted)
rElec   .            h - +2 cloak
rCorr   +            z - +0 pair of gloves
SInv    .            y - +2 pair of boots
Will    ++...        d - amulet of regeneration
Stlth   +            k - +5 ring of evasion
HPRegen 1.99/turn    m - ring of willpower
MPRegen 0.13/turn

%: no spellcasting, mayhem
@: on berserk cooldown, slowed, invisible, very slow
A: breathe power, AC +8, unfitting armour, cold-blooded
a: Breathe Dispelling Energy


You were in a volcano.
You visited 3 branches of the dungeon, and saw 12 of its levels.
You also visited: Ossuary and Volcano.

You collected 1479 gold pieces.
You spent 60 gold pieces at shops.

Inventory:

Missiles
 x - 3 curare-tipped darts (quivered)
Armour
 a - a +0 buckler
 h - a +2 cloak (worn)
 l - the orb "Veyss" (worn) {mayhem, -Cast rPois Regen+ rCorr}
   (You took it off a gnoll on level 7 of the Dungeon)

   rPois:     It protects you from poison.
   -Cast:     It prevents spellcasting.
   Regen:     It increases your rate of health regeneration.
   rCorr:     It protects you from acid and corrosion.
 y - a +2 pair of boots (worn)
 z - a +0 pair of gloves (worn)
 A - the +0 cloak of Liberty {Fly rPois}
   (You found it on level 8 of the Dungeon)

   rPois:     It protects you from poison.
   Fly:       It grants you flight.
Jewellery
 d - an amulet of regeneration (around neck)
 k - a +5 ring of evasion (left hand)
 m - a ring of willpower (right hand)
 q - a ring of see invisible
 v - a ring of poison resistance
 C - a +6 ring of dexterity
 I - a ring of wizardry
Wands
 w - a wand of polymorph (9)
 B - a wand of flame (24)
 F - a wand of iceblast (5)
Scrolls
 e - a scroll of poison
 n - a scroll of teleportation
 r - 2 scrolls of fog
 s - 2 scrolls of immolation
Potions
 b - 3 potions of might
 c - a potion of cancellation
 f - 2 potions of haste {unknown}
 g - 5 potions of mutation
 i - 4 potions of curing
 j - 3 potions of brilliance
 p - a potion of magic {unknown}
 t - a potion of lignification {unknown}
 D - 2 potions of ambrosia
 E - a potion of invisibility


   Skills:
 + Level 13.1 Fighting
 - Level 3.0 Dodging
 - Level 3.0 Shields
 - Level 18.0 Unarmed Combat


You had 11 spell levels left.
You didn't know any spells.
Your spell library contained the following spells:

 Spells                   Type           Power      Damage    Failure   Level
 Beastly Appendage        Tmut           0%         N/A       41%         1
 Sandblast                Erth           0%         2d4       41%         1
 Blink                    Tloc           0%         N/A       54%         2
 Ensorcelled Hibernation  Hex/Ice        0%         N/A       54%         2
 Lesser Beckoning         Tloc           0%         N/A       54%         2
 Momentum Strike          Conj/Tloc      0%         3d8       54%         2
 Passwall                 Tmut/Erth      0%         N/A       54%         2
 Wereblood                Tmut           0%         N/A       54%         2
 Ignite Poison            Fire/Tmut/Pois 0%         N/A       78%         3
 Ozocubu's Armour         Ice            0%         N/A       78%         3
 Spider Form              Tmut/Pois      0%         N/A       78%         3
 Stone Arrow              Conj/Erth      0%         3d7       78%         3
 Vhi's Electric Charge    Tloc/Air       0%         N/A       78%         3
 Anguish                  Hex/Necr       0%         N/A       99%         4
 Sticky Flame             Conj/Fire      0%         2d3       99%         4
 Summon Ice Beast         Ice/Summ       0%         N/A       99%         4
 Alistair's Intoxication  Tmut/Pois      0%         N/A       100%        5
 Arcjolt                  Conj/Air       0%         1d10      100%        5
 Borgnjor's Vile Clutch   Necr/Erth      0%         N/A       100%        5
 Metabolic Englaciation   Hex/Ice        0%         N/A       100%        5
 Summon Mana Viper        Hex/Summ       0%         N/A       100%        5
 Eringya's Noxious Bog    Tmut/Pois      0%         N/A       100%        6
 Plasma Beam              Fire/Air       0%         2x1d11    100%        6
 Simulacrum               Ice/Necr       0%         N/A       100%        6
 Monstrous Menagerie      Summ           0%         N/A       100%        7
 Ozocubu's Refrigeration  Ice            0%         4d7       100%        7
 Ignition                 Fire           0%         3d3       100%        8


Dungeon Overview and Level Annotations

Branches:
Dungeon (8/15)             Temple (1/1) D:6            Lair (3/5) D:8
Ossuary (visited)         Volcano (1/1)
  Swamp: Lair:2-3    Shoals: Lair:2-3     Snake: Lair:2-3    Spider: Lair:2-3

Altars:
Ashenzari
Cheibriados
Dithmenos
Elyvilon
Fedhas
Gozag
Hepliaklqana
Kikubaaqudgha
Makhleb
Nemelex Xobeh
Okawaru
Qazlal
Ru
Trog
Uskayaw
Vehumet
Wu Jian
Xom
Yredelemnul
Zin
The Shining One

Shops:
D:1 *   D:2 ?


Innate Abilities, Weirdness & Mutations

You can breathe bolts of dispelling energy.
Your rich purple scales are hard. (AC +8)
You cannot fit into any form of body armour.
You are cold-blooded and may be slowed by cold attacks.


Message History

A red film seems to cover your vision as you go berserk!
You feel yourself moving faster!
You feel mighty!
The red devil hits you from afar with a +0 trident of flaming!
* * * LOW HITPOINT WARNING * * *
Barbed spikes become lodged in your body.
The red devil burns you.
* * * LOW HITPOINT WARNING * * *
The barbed spikes dig painfully into your body as you move.
* * * LOW HITPOINT WARNING * * *
You feel a strong urge to attack something.
The red devil hits you with a +0 trident of flaming.
* * * LOW HITPOINT WARNING * * *
Barbed spikes become lodged in your body.
The red devil burns you.
* * * LOW HITPOINT WARNING * * *
You closely miss the red devil.
Your tail-slap misses the red devil.
The red devil misses you.
You closely miss the red devil. You tail-slap the red devil!
The red devil is moderately wounded.
You pummel the red devil!!
You kill the red devil!
The barbed spikes dig painfully into your body as you move.
* * * LOW HITPOINT WARNING * * *
You see here a +0 trident of flaming.
You start resting.
You feel a strong urge to attack something.
You start resting.
You are no longer berserk.
You are exhausted.
You feel yourself slow down.
You start resting.
You have got your breath back.
You start resting.
The air gets thick with the scent of sulphur.
You start resting.
You carefully extract the barbed spikes from your body.
You start resting.
In the distance, the volcano erupts with a roar.
* * * LOW HITPOINT WARNING * * *
You die...

#☼☼### ##≈≈°≈## # ##°§○°≈≈## ##
#≈≈○°°§§§# ###≈ #!°°..# ##≈§≈
#)$○## #≈≈§§ #[.∩#○# ##≈≈≈§
######## #####°## #####≈≈≈≈≈
#..##..#########@#######..#######
.....#...##.....°°°...§§.§##..##.
...∩#####.......○§§○§≈§≈..§....)#
§§§≈# ###....≈°°○°○°°§≈≈....###
§≈§## #....≈≈°°§§°○°≈≈≈§§..##
≈§## ##....§§≈§○°○○°≈≈§...# °##
#....≈§§§§§§≈○○§≈§..## ○#
##....≈§§≈≈§≈§≈≈...## ##
#.#....≈≈≈≈≈§§...##


There were no monsters in sight!

Vanquished Creatures
  A hydra (Lair:2)
  A two-headed ogre (D:8)
  A hell knight (Volcano)
  Pikel (D:8)
  An oklob plant (Lair:1)
  6 elephants
  A smoke demon (Volcano)
  A torpor snail (Lair:2)
  2 cane toads
  A rime drake (Lair:3)
  2 komodo dragons (Lair:2)
  2 red devils (Volcano)
  3 polar bears
  Grinder (D:6)
  7 blink frogs
  3 culicivoras
  A wyvern (D:8)
  18 yaks
  2 basilisks
  2 hell hounds (Volcano)
  5 water moccasins
  A sky beast (D:7)
  An ice beast (D:6)
  9 wolves (Lair:2)
  2 black bears
  4 ogres
  2 centaurs
  A phantom (D:7)
  The ghost of Delarado the Changer, an amateur OpTm (D:3)
  3 elf zombies (Ossuary)
  A gnoll sergeant (D:6)
  7 bullfrogs
  7 scorpions
  6 wights
  3 centaur zombies (Ossuary)
  3 orc priests
  A gnoll bouda (D:7)
  Crazy Yiuf (D:6)
  2 sleepcaps (D:6)
  2 hounds (D:5)
  6 human zombies (Ossuary)
  2 iguanas
  An orc wizard (D:5)
  A hell rat (Lair:1)
  3 mummies (Ossuary)
  19 gnolls
  9 adders
  2 ufetubi
  2 dart slugs
  14 orcs
  8 bats
  6 endoplasms
  4 giant cockroaches
  11 goblins
  6 hobgoblins
  2 jackals (D:2)
  A quokka (D:1)
  3 ball pythons
  3 frilled lizards
  A goblin zombie (D:4)
  6 kobolds
  A quokka zombie (D:4)
  3 rats
233 creatures vanquished.

Vanquished Creatures (collateral kills)
  A hydra (Lair:3)
  7 elephants
  A komodo dragon (Lair:3)
  3 blink frogs
  3 culicivoras (Lair:3)
  9 yaks
  A basilisk (D:8)
  A black bear (D:8)
  A wolf (Lair:2)
  2 wights (D:8)
  4 hell rats (Lair:1)
33 creatures vanquished.

Vanquished Creatures (others)
  An elephant (Lair:3)
  3 yaks
  A culicivora (Lair:3)
  A hell hound (Volcano)
  A water moccasin (Lair:2)
  A hell rat (Lair:1)
8 creatures vanquished.

Grand Total: 274 creatures vanquished

Notes
Turn   | Place    | Note
-------+----------+-------------------------------------------
     0 | D:1      | Gabide the Draconian Fighter began the quest for the Orb.
     0 | D:1      | Reached XP level 1. HP: 19/19 MP: 1/1
    49 | D:1      | Reached XP level 2. HP: 23/26 MP: 2/2
   321 | D:1      | Found Ushoami's Assorted Antiques.
   642 | D:1      | Reached XP level 3. HP: 33/33 MP: 3/3
   807 | D:2      | Reached skill level 3 in Unarmed Combat
  1060 | D:2      | Reached XP level 4. HP: 40/40 MP: 4/4
  1072 | D:2      | Found a blossoming altar of Fedhas.
  1360 | D:2      | Reached skill level 4 in Unarmed Combat
  1438 | D:2      | Found Raelycs's Magic Scroll Boutique.
  1445 | D:2      | Bought a scroll of identify for 24 gold pieces
  1445 | D:2      | Bought a scroll of teleportation for 36 gold pieces
  1814 | D:3      | Reached XP level 5. HP: 32/47 MP: 5/5
  1848 | D:3      | Found a runed translucent door.
  1853 | D:3      | Noticed Delarado's ghost (amateur OpTm)
  1853 | D:3      | Noticed a centaur
  2353 | D:3      | Reached skill level 5 in Unarmed Combat
  2502 | D:3      | Killed a centaur
  2503 | D:3      | Reached skill level 5 in Fighting
  2503 | D:3      | Reached XP level 6. HP: 51/56 MP: 6/6
  2517 | D:3      | Killed Delarado's ghost
  2593 | D:4      | Reached skill level 6 in Unarmed Combat
  2792 | D:4      | Found a sand-covered staircase.
  2805 | D:4      | Your scales start taking on a rich purple colour.
  2805 | D:4      | Reached XP level 7. HP: 48/62 MP: 7/7
  2822 | Ossuary  | Entered an ossuary
  2887 | Ossuary  | Reached skill level 7 in Unarmed Combat
  2956 | Ossuary  | Reached skill level 8 in Unarmed Combat
  2978 | Ossuary  | Reached XP level 8. HP: 66/70 MP: 8/8
  3682 | D:5      | Entered Level 5 of the Dungeon
  3725 | D:5      | Reached skill level 9 in Unarmed Combat
  3764 | D:5      | Found an iron altar of Okawaru.
  3943 | D:5      | Reached skill level 10 in Unarmed Combat
  4151 | D:5      | Found a sacrificial altar of Ru.
  4732 | D:6      | Reached XP level 9. HP: 75/75 MP: 9/9
  4878 | D:6      | Found a staircase to the Ecumenical Temple.
  4955 | D:6      | Noticed Grinder
  4957 | Temple   | Entered the Ecumenical Temple
  5091 | D:6      | Reached skill level 11 in Unarmed Combat
  5107 | D:6      | Killed Grinder
  5293 | D:6      | Found a runed translucent door.
  5294 | D:6      | Noticed Crazy Yiuf
  5553 | D:6      | Killed Crazy Yiuf
  5647 | D:6      | Identified a scroll of acquirement
  5647 | D:6      | Acquired 870 gold pieces
  5665 | D:7      | Reached skill level 12 in Unarmed Combat
  6185 | D:7      | Identified the orb "Veyss" {mayhem, -Cast rPois Regen+
                  | rCorr}
  6711 | D:8      | Identified the +0 cloak of Liberty {Fly rPois}
  6786 | D:8      | Found a radiant altar of Vehumet.
  6801 | D:8      | Found a staircase to the Lair.
  6810 | D:8      | Reached skill level 13 in Unarmed Combat
  6896 | D:8      | Found a basalt altar of Yredelemnul.
  6897 | D:8      | Found a burning altar of Makhleb.
  6899 | D:8      | Found a stormy altar of Qazlal.
  6901 | D:8      | Found an ornate altar of the Wu Jian Council.
  6986 | D:8      | Noticed Pikel
  6997 | D:8      | Killed Pikel
  6998 | D:8      | Reached XP level 10. HP: 82/83 MP: 10/10
  7030 | D:8      | Noticed a two-headed ogre
  7056 | D:8      | Killed a two-headed ogre
  7057 | D:8      | Reached skill level 14 in Unarmed Combat
  7539 | Lair:1   | Entered Level 1 of the Lair of Beasts
  7575 | Lair:1   | Noticed an elephant
  7575 | Lair:1   | Noticed an elephant
  7575 | Lair:1   | Noticed an elephant
  7576 | Lair:1   | Noticed an elephant
  7576 | Lair:1   | Noticed an elephant
  7593 | Lair:1   | Killed an elephant
  7603 | Lair:1   | Killed an elephant
  7609 | Lair:1   | Killed an elephant
  7610 | Lair:1   | Reached skill level 15 in Unarmed Combat
  7611 | Lair:1   | Killed an elephant
  7623 | Lair:1   | Killed an elephant
  7712 | Lair:1   | Reached XP level 11. HP: 92/97 MP: 11/11
  7761 | Lair:1   | Reached skill level 10 in Fighting
  7797 | Lair:1   | Found an opulent altar of Gozag.
  8216 | Lair:1   | Noticed an oklob plant
  8243 | Lair:1   | Killed an oklob plant
  8691 | Lair:2   | Noticed a four-headed hydra
  8706 | Lair:2   | Killed a four-headed hydra
  8941 | Lair:2   | Reached skill level 16 in Unarmed Combat
  9023 | Lair:2   | Reached XP level 12. HP: 112/112 MP: 12/12
  9123 | Lair:2   | Found a sparkling altar of Nemelex Xobeh.
  9533 | Lair:2   | HP: 4/112 [culicivora (19)]
  9596 | Lair:3   | Reached skill level 17 in Unarmed Combat
  9650 | Lair:3   | Noticed a four-headed hydra
  9702 | Lair:3   | Killed a four-headed hydra
  9816 | Lair:3   | Reached skill level 18 in Unarmed Combat
  9987 | Lair:3   | Found a dark tunnel.
  9997 | Volcano  | Entered a volcano
 10082 | Volcano  | Identified the +4 scale mail of Dramatic Exits {Dex+2}
 10165 | Volcano  | Engulfed by a cloud of flame

Illustrated notes

Levels and vault maps discovered:
D:1:      scummos_arrival_checkerplants, layout_loops_ring, serial_shops, shop,
          chequers_serial_rivers_micro_d
D:2:      layout_basic, basic_altar, serial_shops, shop, nicolae_grassy_gnolls
D:3:      layout_basic, ebering_ghost_inner_flame
D:4:      layout_basic, enter_ossuary_4, serial_corexii_hall,
          chequers_hall_statues_wall_a, chequers_hall_statues_corner_a,
          corexii_hall_statues_s
D:5:      layout_loops_cross, okawaru_trees_2, mainiacjoe_overflow_24_doors,
          chequers_serial_rivers_large_b
D:6:      layout_loops_ring, minmay_temple_entry_drinking_statues, uniq_grinder,
          uniq_crazy_yiuf_cottage
D:7:      layout_basic
D:8:      layout_loops_ring, mainiacjoe_overflow_cross_hatched,
          grunt_temple_overflow_open, david_lair_generic, uniq_pikel
Temple:   eino_temple_lava
Lair:1:   layout_cave_pods, basic_altar, grunt_megastairs_5
Lair:2:   layout_hall_layers, basic_altar, lemuel_old_faithful,
          grunt_megastairs_4
Lair:3:   layout_gridlike, swamp_mist, hellmonk_spider_entry_life_and_decay,
          nicolae_volcano_entry_two_sided, infiniplex_staircase_pool
Volcano:  volcano_pools

Skill      XL: |  1  2  3  4  5  6  7  8  9 10 11 12 |
---------------+-------------------------------------+-----
Dodging        | 3 |  3.0
Unarmed Combat | 3 4 5 6 8 10 13 15 16 18 | 18.0
Fighting       | 4 5 6 9 12 13 | 13.1
Shields        | |  3.0

Action                     |  1- 3 |  4- 6 |  7- 9 | 10-12 || total
---------------------------+-------+-------+-------+-------++-------
  Melee: Unarmed           |   124 |   212 |   365 |   327 ||  1028
         Tailslap          |    14 |    17 |    64 |    55 ||   150
  Throw: Dart              |       |       |     4 |     9 ||    13
Ability: Breathe Dispellin |       |       |     4 |    10 ||    14
    Use: Scroll            |     3 |     6 |     9 |    10 ||    28
         Potion            |       |       |       |    12 ||    12
   Stab: Sleeping          |       |     1 |     1 |       ||     2
 Armour: Skin              |    36 |    46 |    72 |   134 ||   288
  Dodge: Dodged            |    70 |   183 |   222 |   299 ||   774
  Block: Buckler           |    23 |    46 |    55 |       ||   124
